 Dungeon Crawl Stone Soup version 0.24.0-37-gcf1ca852f1 (webtiles) character file.

Game seed: 10088745209400389539, levelgen mode: deterministic

746 Delamore the Cleaver (level 7, -6/57 HPs)
             Began as a Hill Orc Fighter on Nov 27, 2019.
             Mangled by Prince Ribbit (11 damage)
             ... on level 6 of the Dungeon.
             The game lasted 00:03:58 (3356 turns).

Delamore the Cleaver (Hill Orc Fighter)             Turns: 3356, Time: 00:03:58

Health: -6/57      AC:  6    Str: 21    XL:     7   Next: 77%
Magic:  7/7        EV:  7    Int:  8    God:
Gold:   255        SH:  9    Dex: 10    Spells: 6/6 levels left

rFire    . . .     SeeInvis .   a - +0 war axe
rCold    . . .     Gourm    .   c - +0 shield
rNeg     + . .     Faith    .   b - +0 scale mail
rPois    .         Spirit   .   (no helmet)
rElec    .         Reflect  .   (no cloak)
rCorr    .         Harm     .   (no gloves)
MR       .....                  (no boots)
Stlth    ..........             (no amulet)
HPRegen  0.19/turn              j - ring of positive energy
MPRegen  0.10/turn              (no ring)

@: no status effects
A: no striking features
a: no special abilities


You were on level 6 of the Dungeon.
You were not hungry.

You visited 1 branch of the dungeon, and saw 6 of its levels.

You collected 255 gold pieces.

Inventory:

Hand Weapons
 a - a +0 war axe (weapon)
Missiles
 g - 18 poisoned darts (quivered)
Armour
 b - a +0 scale mail (worn)
 c - a +0 shield (worn)
Jewellery
 j - a ring of positive energy (left hand)
Scrolls
 h - 7 scrolls of identify {unknown}
 i - a scroll of blinking {unknown}
 k - 2 scrolls of enchant weapon {unknown}
 m - 2 scrolls of noise {unknown}
 q - 3 scrolls of teleportation {unknown}
 r - a scroll of enchant armour {unknown}
 t - a scroll of remove curse {unknown}
 u - a scroll of magic mapping {unknown}
 v - a scroll of random uselessness {unknown}
Potions
 d - 2 potions of might
 e - a potion of ambrosia {unknown}
 l - 2 potions of degeneration {unknown}
 n - 2 potions of flight {unknown}
 o - 2 potions of curing
 p - a potion of brilliance {unknown}
 s - 2 potions of heal wounds {unknown}
 x - a potion of agility {unknown}
Comestibles
 f - 8 rations
 w - 3 chunks of flesh


   Skills:
 - Level 3.6 Fighting
 + Level 11.0 Axes
 - Level 3.2 Armour
 - Level 3.2 Shields


You had 6 spell levels left.
You didn't know any spells.
Your spell library was empty.

Dungeon Overview and Level Annotations

Branches:
Dungeon (5/15)
 Temple: D:4-7

Altars:
Kikubaaqudgha
Trog

Annotations:
D:6 Prince Ribbit


Message History

The giant cockroach bites you.
Prince Ribbit sighs, "It's not easy being green!"
Found a bloodstained altar of Trog.
Prince Ribbit winks and puckers his lips.
The giant cockroach barely misses you.
You barely miss the giant cockroach.
Prince Ribbit blinks!
The giant cockroach bites you but does no damage.
You closely miss the giant cockroach.
The giant cockroach bites you but does no damage.
You slash the giant cockroach!
You kill the giant cockroach!
Prince Ribbit asks, "Just a little smooch?"
Prince Ribbit closely misses you.
You miss Prince Ribbit. Prince Ribbit hits you!
You hit Prince Ribbit.
Prince Ribbit is lightly wounded.
Prince Ribbit hits you!
* * * LOW HITPOINT WARNING * * *
Prince Ribbit hits you!
You die...

#. ##......#
#...###.....###
#........)....
#.####....###.
# #....###. ##.
#........ #...
#....####
##....##..###
.......@F##
.#.....###
....... .......
..._... .......
#.....# ######


You could see Prince Ribbit.

Vanquished Creatures
  A black bear (D:6)
  3 ogres
  A centaur (D:4)
  A scorpion (D:6)
  A crimson imp (D:5)
  2 hounds (D:4)
  A bullfrog skeleton (D:4)
  An orc priest (D:4)
  A worker ant (D:4)
  3 adders
  An ooze (D:4)
  2 worms (D:2)
  A dart slug (D:2)
  A leopard gecko (D:4)
  9 orcs
  12 bats
  5 giant cockroaches
  3 goblins
  5 hobgoblins
  10 jackals
  4 kobolds
  2 quokkas
  2 frilled lizards
  A leopard gecko skeleton (D:4)
  3 rats
76 creatures vanquished.

Notes
Turn   | Place    | Note
-------+----------+-------------------------------------------
     0 | D:1      | Delamore the Hill Orc Fighter began the quest for the Orb.
     0 | D:1      | Reached XP level 1. HP: 19/19 MP: 1/1
    34 | D:1      | Reached skill level 3 in Axes
    62 | D:1      | Reached XP level 2. HP: 24/26 MP: 2/2
   312 | D:1      | Reached skill level 4 in Axes
   593 | D:1      | Reached XP level 3. HP: 31/31 MP: 3/3
  1017 | D:2      | Reached skill level 5 in Axes
  1174 | D:2      | Reached XP level 4. HP: 34/39 MP: 4/4
  1570 | D:3      | Found an ancient bone altar of Kikubaaqudgha.
  1817 | D:4      | Reached skill level 6 in Axes
  1823 | D:4      | Reached XP level 5. HP: 27/45 MP: 5/5
  1864 | D:4      | Noticed an ogre
  1866 | D:4      | Noticed a centaur
  1883 | D:3      | Killed an ogre
  1883 | D:3      | Reached skill level 7 in Axes
  2069 | D:4      | Reached skill level 8 in Axes
  2091 | D:4      | Killed a centaur
  2091 | D:4      | Reached XP level 6. HP: 20/51 MP: 6/6
  2773 | D:4      | Reached skill level 9 in Axes
  2974 | D:5      | Entered Level 5 of the Dungeon
  2990 | D:5      | Reached XP level 7. HP: 57/57 MP: 7/7
  3014 | D:5      | Reached skill level 10 in Axes
  3283 | D:5      | You fall into a shaft and drop 1 floor!
  3319 | D:6      | Noticed Prince Ribbit
  3340 | D:6      | Reached skill level 11 in Axes
  3349 | D:6      | Found a bloodstained altar of Trog.
  3356 | D:6      | Mangled by Prince Ribbit

Levels and vault maps discovered:
D:1:      sevenhm_arrival_forest_fort_large_3, layout_basic, eino_curves_04
D:2:      layout_basic, first_ration
D:3:      layout_rooms, kiku_gazebo_garden_becter
D:4:      layout_loops_cross
D:5:      layout_rooms, minmay_chambers_of_fives
D:6:      layout_rooms, basic_altar, uniq_prince_ribbit1,
          uniq_crazy_yiuf_cottage

Skill      XL: |  1  2  3  4  5  6  7 |
---------------+----------------------+-----
Axes           | 3 4 5 6 8 9 11 | 11.0
Fighting       | |  3.6
Armour         | |  3.2
Shields        | |  3.2

Action                   |  1- 3 |  4- 6 |  7- 9 || total
-------------------------+-------+-------+-------++-------
Melee: War axe           |   106 |   107 |    43 ||   256
Throw: Dart              |       |     1 |    14 ||    15
  Use: Potion            |       |       |     1 ||     1
  Eat: Chunk             |     1 |     6 |     1 ||     8
Armor: Scale mail        |    60 |    40 |    20 ||   120
Dodge: Dodged            |    40 |    29 |     8 ||    77
Block: Shield            |    60 |    59 |    13 ||   132
